 Dungeon Crawl Stone Soup version 0.30-a0-358-g0d69a1922f (webtiles) character file.

Game seed: 15994192690915817437

7149 Pooter the Fighter (level 10, -5/139 HPs)
             Began as a Minotaur Berserker on Nov 10, 2022.
             Was a Priest of Trog.
             Slain by a wyvern (12 damage)
             ... on level 8 of the Dungeon.
             The game lasted 00:40:22 (10355 turns).

Pooter the Fighter (Minotaur Berserker)            Turns: 10355, Time: 00:40:23

Health: -5/139     AC: 14    Str: 24    XL:     10   Next: 86%
Magic:  9/9        EV:  7    Int:  6    God:    Trog [***...]
Gold:   67         SH:  0    Dex: 10    Spells: 9/9 levels left

rFire   . . .      SeeInvis .    a - +3 battleaxe
rCold   + . .      Faith    .    (shield currently unavailable)
rNeg    . . .      Spirit   .    D - +2 plate armour
rPois   .          Reflect  .    (helmet restricted)
rElec   .          Harm     .    (no cloak)
rCorr   .          Rampage  .    (no gloves)
Will    .....                    s - +0 pair of boots
Stlth   ..........               (no amulet)
HPRegen 0.43/turn                (no ring)
MPRegen 0.11/turn                (no ring)

@: berserking, lethally poisoned (-5 -> -17), very quick
A: horns 2, retaliatory headbutt, cold resistance 1
a: Renounce Religion, Berserk, Trog's Hand


You were on level 8 of the Dungeon.
You worshipped Trog.
Trog was most pleased with you.
You visited 1 branch of the dungeon, and saw 8 of its levels.
You also visited: Bailey.

You collected 441 gold pieces.
You spent 374 gold pieces at shops.

Inventory:

Hand Weapons
 a - a +3 battleaxe (weapon)
   (You took it off a wight on level 7 of the Dungeon)
 b - a +0 shortbow
   (You took it off a centaur on level 6 of the Dungeon)
 d - a +4 whip of venom
   (You took it off a spriggan in a bailey)
 h - a +0 dire flail of venom
   (You took it off a wight on level 7 of the Dungeon)
 j - a +1 battleaxe of protection
   (You bought it in a shop on level 6 of the Dungeon)
 k - the +5 flail of Indomitability {holy, Str+2 Dex+2}
   (You took it off a hobgoblin on level 2 of the Dungeon)

   It has been blessed by the Shining One to cause great damage to the undead
   and demons.
   Str:       It affects your strength (+2).
   Dex:       It affects your dexterity (+2).
 l - a +2 glaive of venom
   (You took it off an orc warrior on level 6 of the Dungeon)
Missiles
 n - 6 atropa-tipped darts
 w - 2 poisoned darts
 z - 2 throwing nets {!f}
 Q - 83 stones (quivered)
Armour
 s - a +0 pair of boots (worn)
   (You found it on level 2 of the Dungeon)
 D - a +2 plate armour (worn)
   (You took it off an orc warrior on level 6 of the Dungeon)
 G - a +0 kite shield of positive energy
   (You found it on level 5 of the Dungeon)
Wands
 f - a wand of flame (27)
   (You found it on level 2 of the Dungeon)
 o - a wand of light (6)
   (You found it on level 2 of the Dungeon)
 r - a wand of polymorph (12)
   (You found it on level 8 of the Dungeon)
 A - a wand of roots (9)
   (You took it off Pikel on level 4 of the Dungeon)
 C - a wand of mindburst (2)
   (You found it on level 5 of the Dungeon)
Scrolls
 e - a scroll of poison {!r}
 g - 2 scrolls of magic mapping
 m - a scroll of brand weapon
 q - 2 scrolls of immolation {!r}
 t - 6 scrolls of teleportation {@r4}
 y - a scroll of fear
Potions
 c - 2 potions of might
 i - a potion of flight
 p - a potion of invisibility
 u - a potion of heal wounds {@q2}
 x - 3 potions of haste {@q3}
 E - a potion of berserk rage {unknown}


   Skills:
 + Level 10.2 Fighting
 * Level 10.1(11.7) Axes
 - Level 9.5(11.4) Maces & Flails
 * Level 2.5 Ranged Weapons
 - Level 2.4 Armour
 - Level 2.1 Dodging
 + Level 7.1 Stealth
 + Level 4.1 Evocations


You had 9 spell levels left.
You didn't know any spells.
Your spell library was empty.

Dungeon Overview and Level Annotations

Branches:
Dungeon (8/15)             Temple (0/1) D:7          Bailey (visited)
   Lair: D:8-11

Altars:
Cheibriados
Elyvilon
Fedhas
Okawaru
Trog
Uskayaw
Xom
Yredelemnul

Shops:
D:6 (   D:7 ?![


Innate Abilities, Weirdness & Mutations

You have a pair of horns on your head.
You reflexively headbutt those who attack you in melee.
Your flesh is cold resistant. (rC+)


Message History

A red film seems to cover your vision as you go berserk!
You feel yourself moving faster!
You feel mighty!
You feel very sick. The wyvern barely misses you.
The water moccasin barely misses you. The wyvern bites you!
* * * LOW HITPOINT WARNING * * *
You barely miss the water moccasin. You closely miss the wyvern.
You feel sick. The water moccasin bites you.
* * * LOW HITPOINT WARNING * * *
You are more poisoned.
The water moccasin poisons you! The wyvern bites you.
* * * LOW HITPOINT WARNING * * *
You closely miss the water moccasin. You headbutt the water moccasin!
You barely miss the wyvern.
You feel very sick. The water moccasin bites you.
* * * LOW HITPOINT WARNING * * *
The wyvern barely misses you.
You miss the water moccasin.
Your headbutt misses the water moccasin.
You hit the wyvern but do no damage.
You feel sick. The water moccasin bites you!
* * * LOW HITPOINT WARNING * * *
You are more poisoned.
The water moccasin poisons you! The wyvern bites you.
* * * LOW HITPOINT WARNING * * *
You completely miss the water moccasin.
Your headbutt misses the water moccasin.
You hit the wyvern.
You feel very sick. The wyvern bites you!
* * * LOW HITPOINT WARNING * * *
The water moccasin bites you but does no damage.
You slash the water moccasin! You slice the wyvern!!
You feel very sick. The wyvern bites you!
* * * LOW HITPOINT WARNING * * *
The water moccasin bites you but does no damage.
You slice the water moccasin!!
You feel the power of Trog in you as your rage grows.
You kill the water moccasin!
Trog accepts your kill.
You barely miss the wyvern.
* * * LOW HITPOINT WARNING * * *
You feel very sick. The wyvern barely misses you.
You closely miss the water moccasin. You closely miss the wyvern.
* * * LOW HITPOINT WARNING * * *
You feel sick. The wyvern bites you!
You die...

........# #..
..).....# ###
......).# #
......).#
........#
........#
######..## .
##..# .. ####
##@#######...
.......
#SlY........
.......
#YYY......#
.....?.
#Y.)......#
....?..
#.....#.....
.......##.....#
....
..............#
...
...P....†.....#
............_...P


You could see 5 yaks, a water moccasin and a wyvern.

Vanquished Creatures
  A two-headed ogre (Bailey)
  Pikel (D:4)
  Maggie (D:8)
  Grinder (D:5)
  3 spriggans (Bailey)
  Sigmund (D:2)
  3 wyverns
  A wraith (D:8)
  2 steam dragons
  Duvessa (D:5)
  4 water moccasins
  A black bear (D:3)
  3 ice beasts (D:6)
  A sky beast (D:4)
  8 ogres
  3 orc warriors
  2 centaurs
  A lemure (D:4)
  A phantom (D:6)
  A bullfrog (D:8)
  7 scorpions
  A necrophage (D:7)
  13 wights (D:7)
  Dowan (D:5)
  A howler monkey (D:7)
  2 hounds
  4 jellies
  3 orc priests
  A gnoll bouda (D:7)
  2 iguanas
  3 orc wizards
  12 gnolls
  8 adders
  A shadow imp (D:6)
  2 white imps
  2 ufetubi
  4 dart slugs
  20 orcs
  2 bats
  2 endoplasms
  7 giant cockroaches
  16 goblins
  6 hobgoblins
  7 jackals (D:1)
  6 quokkas
  6 ball pythons
  3 frilled lizards
  10 kobolds
  4 rats
196 creatures vanquished.

Vanquished Creatures (others)
  A fungus (D:8)
  15 plants (D:8)
16 creatures vanquished.

Grand Total: 212 creatures vanquished

Notes
Turn   | Place    | Note
-------+----------+-------------------------------------------
     0 | D:1      | Pooter the Minotaur Berserker began the quest for the Orb.
     0 | D:1      | Reached XP level 1. HP: 19/19 MP: 0/0
   287 | D:1      | Reached XP level 2. HP: 27/27 MP: 1/1
   574 | D:1      | Reached skill level 1 in Stealth
   730 | D:1      | Reached XP level 3. HP: 32/32 MP: 2/2
  1060 | D:2      | Reached ** piety under Trog
  1187 | D:2      | Noticed Sigmund
  1216 | D:2      | Killed Sigmund
  1217 | D:2      | Reached skill level 5 in Axes
  1217 | D:2      | Reached XP level 4. HP: 18/41 MP: 3/3
  1217 | D:2      | Reached XP level 5. HP: 21/47 MP: 4/4
  1511 | D:2      | Identified the +5 flail of Indomitability {holy, Str+2
                  | Dex+2}
  2296 | D:3      | Noticed a black bear
  2302 | D:3      | Killed a black bear
  2303 | D:3      | Reached skill level 5 in Fighting
  2303 | D:3      | Reached XP level 6. HP: 52/56 MP: 5/5
  2827 | D:4      | Noticed a +0 dagger
  2828 | D:4      | Noticed a +0 spear
  2830 | D:4      | Noticed a +0 spear
  2830 | D:4      | Noticed a +0 falchion
  2831 | D:4      | Noticed a +0 falchion
  2837 | D:4      | Noticed a +0 dagger
  2846 | D:4      | Noticed a +0 short sword
  2851 | D:4      | Noticed a +0 short sword
  2853 | D:4      | Found a hide-covered altar of Uskayaw.
  3047 | D:4      | Noticed a sky beast
  3052 | D:4      | Killed a sky beast
  3060 | D:4      | Reached XP level 7. HP: 50/62 MP: 6/6
  3351 | D:4      | Found a shimmering altar of Xom.
  3542 | D:4      | Reached skill level 5 in Maces & Flails
  4039 | D:5      | Entered Level 5 of the Dungeon
  4136 | D:5      | Found a snail-covered altar of Cheibriados.
  4270 | D:5      | Noticed Pikel
  4274 | D:5      | Noticed Duvessa
  4296 | D:5      | Noticed Dowan
  4302 | D:4      | Killed Pikel
  4303 | D:4      | Reached XP level 8. HP: 43/73 MP: 7/7
  4463 | D:5      | Killed Duvessa
  4631 | D:5      | Killed Dowan
  4792 | D:5      | Reached *** piety under Trog
  4861 | D:5      | Reached skill level 5 in Stealth
  5087 | D:5      | Found a blossoming altar of Fedhas.
  5088 | D:5      | Found an iron altar of Okawaru.
  5088 | D:5      | Found a basalt altar of Yredelemnul.
  5241 | D:5      | Noticed Grinder
  5247 | D:5      | Killed Grinder
  5248 | D:5      | Reached XP level 9. HP: 81/81 MP: 8/8
  6103 | D:6      | Found Mopsops's Weapon Boutique.
  6111 | D:6      | Bought a +0 battleaxe for 91 gold pieces
  6548 | D:6      | Reached skill level 1 in Evocations
  7035 | D:7      | Found a staircase to the Ecumenical Temple.
  7094 | D:7      | Found a flagged portal.
  7114 | Bailey   | Entered a bailey
  7386 | Bailey   | Noticed a two-headed ogre
  7391 | Bailey   | Reached XP level 10. HP: 66/91 MP: 9/9
  7399 | Bailey   | Killed a two-headed ogre
  8434 | D:7      | Found Yraim's Magic Scroll Shop.
  8437 | D:7      | Bought a scroll of brand weapon for 123 gold pieces
  8486 | D:7      | Gained mutation: You sometimes lose your temper in combat.
                  | [potion of mutation]
  8486 | D:7      | Gained mutation: You occasionally lose the ability to drink
                  | potions when taking damage. [potion of mutation]
  8486 | D:7      | Gained mutation: You have hidden genetic potential. [potion
                  | of mutation]
  8817 | D:7      | Found Hisudun's Antique Armour Emporium.
  8985 | D:7      | Found a white marble altar of Elyvilon.
  9874 | D:7      | Found Ynypin Miuth's Distillery.
  9880 | D:7      | Bought a potion of mutation for 80 gold pieces
  9880 | D:7      | Bought a potion of invisibility for 80 gold pieces
  9880 | D:7      | Lost mutation: You have hidden genetic potential. [potion
                  | of mutation]
  9880 | D:7      | Lost mutation: You occasionally lose the ability to drink
                  | potions when taking damage. [potion of mutation]
  9880 | D:7      | Lost mutation: You sometimes lose your temper in combat.
                  | [potion of mutation]
  9880 | D:7      | Gained mutation: Your flesh is cold resistant. (rC+)
                  | [potion of mutation]
 10046 | D:8      | Reached skill level 10 in Fighting
 10196 | D:8      | Noticed Maggie
 10211 | D:8      | Killed Maggie
 10212 | D:8      | Reached skill level 1 in Ranged Weapons
 10301 | D:8      | Found a bloodstained altar of Trog.
 10311 | D:8      | Reached skill level 10 in Axes
 10355 | D:8      | Slain by a wyvern

Illustrated notes

Levels and vault maps discovered:
D:1:      zelgadis_glass_arrival_large, layout_loops_ring, serial_glass,
          glass_columns_a, glass_columns_b, minmay_strange_pillars,
          minmay_strange_pillars, item_on_display_b, item_on_display_b,
          grunt_decor_one_mirror, minmay_tetromino_l4
D:2:      layout_loops_ring, nicolae_concentric_dashed_squares_mild, hex_medium,
          minmay_door_square, minivault_5, kennysheep_generic_room_5,
          uniq_sigmund
D:3:      minmay_razor_zed, layout_loops_ring
D:4:      layout_basic, nicolae_uskayaw_en_pointe, xom_teletrap_fun,
          serial_rivers, chequers_serial_rivers_micro_a,
          chequers_serial_rivers_marsh, chequers_serial_rivers_room_b,
          chequers_serial_rivers_micro_c
D:5:      layout_basic, lemuel_doored_altar,
          chequers_temple_overflow_statue_of_worship, serial_co_window_serial,
          co_window_paths_a, co_window_corner_a, co_window_paths_a,
          co_window_corner_a, co_window_of_opportunity_a, co_window_broadway_b,
          co_window_2corner, co_window_cross_2, co_window_paths_e,
          glass_columns_c, glass_columns_a, glass_columns_b, uniq_grinder,
          uniq_duvessa, uniq_pikel
D:6:      layout_layer_cave, serial_shops, shop
D:7:      layout_loops_corners, lemuel_crystal_altar,
          minmay_temple_entry_from_below_a, lightli_bailey_entry_fortress,
          serial_shops, nicolae_shop_statue_plus, nicolae_take_the_stairs,
          nicolae_shop_behind_doors
D:8:      layout_basic, mainiacjoe_overflow_catch_the_wave,
          minmay_lair_entry_grove, uniq_maggie

Skill      XL: |  1  2  3  4  5  6  7  8  9 10 |
---------------+-------------------------------+-----
Axes           | 4 5 6 8 10 | 10.1
Fighting       | 4 5 7 8 9 10 | 10.2
Stealth        | 1 2 3 4 5 6 7 |  7.1
Maces & Flails | 2 3 7 8 9 |  9.5
Evocations     | 2 4 |  4.1
Ranged Weapons | 2 |  2.5
Armour         | |  2.4
Dodging        | |  2.1

Action                   |  1- 3 |  4- 6 |  7- 9 | 10-12 || total
-------------------------+-------+-------+-------+-------++-------
Melee: Hand axe          |    70 |       |       |       ||    70
       Headbutt          |     8 |    13 |    25 |    20 ||    66
       Spear             |     4 |    15 |       |       ||    19
       Punch             |     1 |     2 |       |       ||     3
       Flail             |       |    56 |   102 |     8 ||   166
       Battleaxe         |       |       |    43 |    91 ||   134
 Fire: Shortbow          |       |       |    24 |    20 ||    44
Throw: Stone             |     3 |     2 |       |     1 ||     6
       Dart              |       |       |     2 |       ||     2
Invok: Berserk           |     2 |     1 |     2 |     5 ||    10
       Trog's Hand       |       |     1 |     6 |     5 ||    12
Evoke: Wand              |     7 |       |     9 |     5 ||    21
  Use: Scroll            |     4 |     2 |     8 |     2 ||    16
       Potion            |     1 |       |       |     6 ||     7
 Stab: Sleeping          |     1 |       |       |       ||     1
       Invisible         |       |       |     2 |     1 ||     3
Armor: Animal skin       |    12 |       |       |       ||    12
       Chain mail        |    10 |    35 |    27 |       ||    72
       Plate armour      |       |       |    57 |    61 ||   118
       Skin              |       |       |       |    14 ||    14
Dodge: Dodged            |    47 |    35 |    73 |    35 ||   190
Block: Kite shield       |       |       |     3 |       ||     3

Table legend: (Time is in decaauts)
 A = Elapsed time spent in this place.
 B = Non-inter-level travel time spent in this place.
 C = Inter-level travel time spent in this place.
 D = Time resting spent in this place.
 E = Time spent auto-exploring this place.
 F = Levels seen in this place.
 G = Mean time per level.
                   A        B        C        D        E       F      G
               +--------+--------+--------+--------+--------+-----+--------+
         Total |  10539 |  10403 |    136 |   2838 |   6000 |   9 | 1171.0 |
       Dungeon |   9487 |   9351 |    136 |   2028 |   5979 |   8 | 1185.9 |
        Bailey |   1051 |   1051 |      0 |    810 |     20 |   1 | 1051.0 |
               +--------+--------+--------+--------+--------+-----+--------+

Top non-repeatable levels by time:
     D:7: 2050 daAuts
     D:4: 1579 daAuts
     D:6: 1454 daAuts
     D:5: 1206 daAuts
     D:2: 1052 daAuts
  Bailey: 1051 daAuts
     D:1: 938 daAuts
     D:3: 848 daAuts
     D:8: 357 daAuts
